 Dungeon Crawl Stone Soup version 0.31.0-32-g396128a36d (webtiles) character file.

Game seed: 13282633246562357984

5435 bearlyready the Severer (level 10, -3/86 HPs)
             Began as a Hill Orc Berserker on Mar 29, 2024.
             Was a High Priest of Trog.
             Slain by a two-headed ogre
             ... wielding a +0 giant spiked club
              (28 damage)
             ... on level 11 of the Dungeon.
             The game lasted 00:13:25 (6925 turns).

bearlyready the Severer (Hill Orc Berserker)        Turns: 6925, Time: 00:13:25

Health: -3/86      AC: 13    Str: 29    XL:     10   Next: 68%
Magic:  9/9        EV: 10    Int:  7    God:    Trog [*****.]
Gold:   325        SH:  0    Dex: 10    Spells: 9/9 levels left

rFire   . . .        k - +8 frozen axe "Frostbite" {freeze, freezing cloud, *Noise Fly rC+}
rCold   + + +        (shield currently unavailable)
rNeg    + . .        K - +0 ice dragon scales
rPois   .            h - +0 helmet
rElec   .            C - +0 cloak
rCorr   .            (no gloves)
SInv    .            d - +0 pair of boots
Will    .....        H - amulet of faith Stlth
                     e - ring of Prescription {rF+ rN+ Str+4}
HPRegen 0.34/turn    (no ring)
MPRegen 0.11/turn

%: faith
@: flying
A: low MP 1
a: Renounce Religion, Berserk, Trog's Hand, Brothers in Arms


You were on level 11 of the Dungeon.
You worshipped Trog.
Trog was extremely pleased with you.
You visited 1 branch of the dungeon, and saw 9 of its levels.
You also visited: Sewer and Ice Cave.

You collected 390 gold pieces.
You spent 65 gold pieces at shops.

Inventory:

Hand Weapons
 a - a +0 hand axe
 k - the +8 frozen axe "Frostbite" (weapon) {freeze, freezing cloud, *Noise Fly rC+}
   (Trog gifted it to you on level 11 of the Dungeon)

   rC+:       It protects you from cold.
   Fly:       It grants you flight.
   *Noise:    It may make a loud noise when swung.
 l - a +2 heavy hand axe
 t - a +0 war axe
 G - a +2 hand axe of electrocution
Missiles
 b - 16 boomerangs
 c - 2 javelins
 g - 18 poisoned darts (quivered)
 u - a throwing net
 E - 2 curare-tipped darts
Armour
 d - a +0 pair of boots (worn)
 h - a +0 helmet (worn)
 C - a +0 cloak (worn)
 K - +0 ice dragon scales (worn)
Jewellery
 e - the ring of Prescription (left hand) {rF+ rN+ Str+4}
   (You found it in a sewer)

   [ring of positive energy]

   Str+4:     It affects your strength (+4).
   rF+:       It protects you from fire.
   rN+:       It protects you from negative energy.
 H - an amulet of faith (around neck)
 J - an amulet of magic regeneration
Wands
 q - a wand of flame (39)
 w - a wand of acid (6)
 F - a wand of mindburst (3)
Scrolls
 f - 2 scrolls of immolation
 i - 3 scrolls of fear
 n - a scroll of butterflies
 o - a scroll of amnesia
 p - 4 scrolls of teleportation
 r - 4 scrolls of noise
 v - a scroll of torment {unknown}
 x - a scroll of brand weapon
 y - a scroll of enchant weapon {unknown}
 B - a scroll of fog {unknown}
 D - a scroll of poison {unknown}
 I - a scroll of acquirement {unknown}
Potions
 s - 5 potions of curing
 z - a potion of attraction {unknown}
 A - 2 potions of brilliance {unknown}
Miscellaneous
 m - a lightning rod (4/4)


   Skills:
 + Level 7.5 Fighting
 + Level 15.2 Axes
 - Level 5.0 Throwing
 - Level 2.1 Armour
 - Level 1.5 Dodging
 + Level 6.8 Evocations


You had 9 spell levels left.
You didn't know any spells.
Your spell library was empty.

Dungeon Overview and Level Annotations

Branches:
Dungeon (11/15)            Temple (0/1) D:7           Sewer (visited)
  IceCv (visited)
   Lair: D:8-11         Orc: D:9-12

Altars:
Kikubaaqudgha
Makhleb
Nemelex Xobeh
Okawaru
Qazlal
Trog
Uskayaw
Vehumet
Xom

Shops:
D:3 ??

Annotations:
D:3 2 transporters
D:6 3 runed translucent doors, PaiMei's ghost, amateur DsNe


Innate Abilities, Weirdness & Mutations

Your magical capacity is low. (-10% MP)


Message History

The centaur is almost dead.
The centaur closely misses you. The centaur kicks you.
The centaur barely misses you.
The centaur kicks you but does no damage.
You slash the centaur! You freeze the centaur.
You kill the centaur!
Trog accepts your kill.
A two-headed ogre comes into view.
It is wielding a +0 giant spiked club and a +0 giant club.
You slash the wraith!
The wraith is moderately damaged.
The sentinel's mark upon you fades away.
The wraith hits you but does no damage.
You slash the wraith!
You hear the roaring winds of a blizzard.
The wraith is heavily damaged.
The wraith hits you.
You slash the wraith! You freeze the wraith.
You destroy the wraith!
Trog accepts your kill.
You slash the troll! You freeze the troll!
The troll is severely wounded.
The troll bites you! The troll claws you.
* * * LOW HITPOINT WARNING * * *
The troll closely misses you.
Aiming: Corrosive Bolt
Press: ? - help, Shift-Dir - straight line, f - two-headed ogre
Aim: a two-headed ogre, wielding a +0 giant spiked club and a +0 giant club (88% to hit)
The bolt of acid hits the troll!!
The acid corrodes the troll!
You kill the troll!
Trog accepts your kill.
The bolt of acid hits the two-headed ogre!
The acid corrodes the two-headed ogre!
The two-headed ogre is moderately wounded.
Aiming: Corrosive Bolt
Press: ? - help, Shift-Dir - straight line, f/p - two-headed ogre
Aim: a two-headed ogre, wielding a +0 giant spiked club and a +0 giant club (moderately wounded, covered in acid, 88% to hit)
The bolt of acid hits the two-headed ogre!
The two-headed ogre is heavily wounded.
The two-headed ogre hits you with a +0 giant spiked club!!
You die...

.......#.##..# *,,,,,**,,,*,,*
....####.....######,,,,,,,,,,,,,,
..................*****,,,,,,,***
#####....#......#.# *,*,,**,*,, *
#.............### *,,,,,,,*** *
######.....####.#####,,,,,,,, *
#..##.#........#,,*,,,*, *
#.....#).......#,,*,,<*,
*******###.....#@########.,,,,,,,
,,,,,,..........$O........,,,,,,,
,*,,,#..##...##..#..#..#.,,,,*,,*
,,,,,...................C.,,,,,,,
*****#*###################*******


You could see a two-headed ogre (corroded).

Vanquished Creatures
  A centaur warrior (D:11)
  A cyclops (D:11)
  An unseen horror (D:11)
  Prince Ribbit (D:7)
  A troll (D:11)
  Grinder (D:4)
  Sigmund (D:2)
  A wraith (D:11)
  Edmund (D:6)
  A water moccasin (D:5)
  An orc warrior (D:7)
  Duvessa (D:7)
  3 black bears
  2 centaurs (D:11)
  4 bullfrogs
  A gnoll sergeant (D:5)
  4 scorpions
  Dowan (D:7)
  An elephant simulacrum (IceCv)
  A crimson imp (D:3)
  2 bombardier beetles (D:6)
  A hound (D:6)
  8 orc priests
  A jelly (D:8)
  3 sleepcaps
  An iguana (D:7)
  11 orc wizards
  A wolf simulacrum (IceCv)
  Robin (D:2)
  8 gnolls (D:5)
  10 adders
  A river rat (D:4)
  14 white imps
  12 dart slugs
  5 ribbon worms
  31 orcs
  12 ball pythons
  2 bats (D:1)
  7 endoplasms
  10 giant cockroaches
  16 goblins
  8 hobgoblins
  3 jackals
  15 kobolds
  6 quokkas
  9 frilled lizards
  7 rats
234 creatures vanquished.

Vanquished Creatures (collateral kills)
  An ugly thing (IceCv)
  A death yak simulacrum (IceCv)
  A wolf simulacrum (IceCv)
3 creatures vanquished.

Grand Total: 237 creatures vanquished

Notes
Turn   | Place    | Note
-------+----------+-------------------------------------------
     0 | D:1      | bearlyready the Hill Orc Berserker began the quest for the
                  | Orb.
     0 | D:1      | Reached XP level 1. HP: 19/19 MP: 1/1
   108 | D:1      | Reached XP level 2. HP: 25/25 MP: 2/2
   176 | D:1      | Reached skill level 5 in Axes
   544 | D:1      | Reached XP level 3. HP: 31/31 MP: 3/3
   710 | D:2      | Reached ** piety under Trog
   789 | D:2      | Noticed Sigmund
   816 | D:2      | Killed Sigmund
   817 | D:2      | Reached skill level 8 in Axes
   817 | D:2      | Reached XP level 4. HP: 39/39 MP: 4/4
   817 | D:2      | Reached XP level 5. HP: 45/45 MP: 5/5
  1009 | D:2      | Reached XP level 6. HP: 50/51 MP: 6/6
  1132 | D:2      | Found a hide-covered altar of Uskayaw.
  1157 | D:2      | Gained mutation: Your magical capacity is low. (-10% MP)
                  | [potion of mutation]
  1454 | D:2      | Noticed Robin
  1462 | D:2      | Killed Robin
  1463 | D:2      | Reached skill level 9 in Axes
  1467 | D:2      | Reached *** piety under Trog
  1613 | D:3      | Found a radiant altar of Vehumet.
  1613 | D:3      | Found a stormy altar of Qazlal.
  1670 | D:3      | Found a transporter.
  1670 | D:3      | Found Ybbox's Magic Scroll Boutique.
  1888 | D:3      | Found a faded altar of an unknown god.
  1950 | D:3      | Found Yblatit's Magic Scroll Emporium.
  1955 | D:3      | Bought a scroll of teleportation for 39 gold pieces
  1955 | D:3      | Bought a scroll of identify for 26 gold pieces
  2430 | D:3      | Found a transporter.
  2511 | D:3      | Found a shimmering altar of Xom.
  2511 | D:3      | Found a burning altar of Makhleb.
  2584 | D:4      | Reached skill level 10 in Axes
  2584 | D:4      | Reached XP level 7. HP: 57/57 MP: 6/6
  2659 | D:4      | Found a glowing drain.
  2664 | Sewer    | Entered a sewer
  2745 | Sewer    | Reached **** piety under Trog
  2912 | Sewer    | Reached skill level 1 in Throwing
  3237 | Sewer    | Identified the ring of Prescription {rF+ rN+ Str+4}
  3455 | D:4      | Noticed Grinder
  3462 | D:4      | Killed Grinder
  3463 | D:4      | Reached skill level 11 in Axes
  3463 | D:4      | Reached XP level 8. HP: 64/64 MP: 7/7
  3772 | D:4      | Found a bloodstained altar of Trog.
  3812 | D:4      | Found a hide-covered altar of Uskayaw.
  3815 | D:4      | Found a sparkling altar of Nemelex Xobeh.
  3815 | D:4      | Found an iron altar of Okawaru.
  3825 | D:4      | Found an ancient bone altar of Kikubaaqudgha.
  3883 | D:5      | Entered Level 5 of the Dungeon
  4434 | D:5      | Reached skill level 12 in Axes
  4679 | D:5      | Reached ***** piety under Trog
  4905 | D:6      | Found a runed translucent gate.
  4905 | D:6      | Found a runed translucent gate.
  4905 | D:6      | Noticed PaiMei's ghost (amateur DsNe)
  5075 | D:6      | Reached skill level 5 in Throwing
  5178 | D:6      | Reached XP level 9. HP: 70/70 MP: 8/8
  5179 | D:6      | Reached skill level 1 in Evocations
  5276 | D:6      | Reached skill level 13 in Axes
  5488 | D:6      | Noticed Edmund
  5506 | D:6      | Killed Edmund
  5659 | D:6      | Found a runed translucent gate.
  5935 | D:7      | Noticed Dowan
  5936 | D:7      | Noticed Duvessa
  5946 | D:7      | Killed Dowan
  5950 | D:7      | Killed Duvessa
  6172 | D:7      | Found a staircase to the Ecumenical Temple.
  6205 | D:7      | Noticed Prince Ribbit
  6420 | D:7      | Reached skill level 14 in Axes
  6422 | D:7      | Killed Prince Ribbit
  6643 | D:8      | You fall into a shaft and drop 3 floors!
  6680 | D:11     | Reached skill level 5 in Fighting
  6681 | D:11     | Received a gift from Trog
  6681 | D:11     | Found the +8 frozen axe "Frostbite" {freeze, freezing
                  | cloud, *Noise Fly rC+}
  6689 | D:11     | Reached skill level 5 in Evocations
  6689 | D:11     | Found a frozen archway.
  6776 | IceCv    | Entered an ice cave
  6776 | IceCv    | Noticed a white ugly thing
  6784 | IceCv    | Reached XP level 10. HP: 69/81 MP: 9/9
  6786 | IceCv    | Killed a white ugly thing
  6828 | IceCv    | Found a transporter.
  6832 | IceCv    | Noticed a white ugly thing
  6838 | IceCv    | Noticed an ice statue
  6838 | IceCv    | Noticed an ice statue
  6860 | IceCv    | Found a transporter.
  6898 | D:11     | Noticed a cyclops
  6908 | D:11     | Killed an unseen horror
  6911 | D:11     | Killed a cyclops
  6911 | D:11     | Noticed a centaur warrior
  6917 | D:11     | Killed a centaur warrior
  6918 | D:11     | Reached skill level 15 in Axes
  6919 | D:11     | Noticed a two-headed ogre
  6925 | D:11     | Slain by a two-headed ogre

Illustrated notes

Levels and vault maps discovered:
D:1:      lemuel_arrival_tunnels, layout_loops_ring
D:2:      layout_rooms, basic_altar, minmay_surrounded, uniq_robin, uniq_sigmund
D:3:      layout_basic, grunt_temple_overflow_champion_of_chaos,
          grunt_temple_overflow_open, shapermc_ecumenical_altar_starsandcircs,
          serial_shops, nicolae_shop_drivethru, nicolae_shop_hallway_plus,
          nicolae_elevator_lobby_asterisk
D:4:      layout_loops_ring, nicolae_overflow_hallway_of_the_gods,
          gup_sewer_entry_bowl, minmay_close_crescents, uniq_grinder
D:5:      layout_basic, serial_library_hellmonk_layered_room
D:6:      layout_rooms, gammafunk_ghost_nasty_kobolds, uniq_edmund
D:7:      layout_gridville, minmay_temple_entry_large_hall,
          chequers_serial_rivers_micro_b, corner_web_ring, nrook_mini_backslash,
          uniq_prince_ribbit1, uniq_duvessa
D:8:      layout_cave_pools, minmay_radiant
D:11:     layout_stronghold, portal_ice_cave_entry_imps

Skill      XL: |  1  2  3  4  5  6  7  8  9 10 |
---------------+-------------------------------+-----
Axes           | 5 8 10 11 12 14 15 | 15.2
Throwing       | 2 5 |  5.0
Evocations     | 5 6 |  6.8
Fighting       | 5 7 |  7.5
Armour         | |  2.1
Dodging        | |  1.5

Action                     |  1- 3 |  4- 6 |  7- 9 | 10-12 || total
---------------------------+-------+-------+-------+-------++-------
  Melee: Hand axe          |    87 |   144 |   340 |       ||   571
         Punch             |     1 |     2 |     3 |       ||     6
         Executioner's axe |       |       |     2 |    15 ||    17
  Throw: Dart              |       |       |    15 |       ||    15
 Invoke: Berserk           |     1 |     2 |    10 |     1 ||    14
         Brothers in Arms  |       |       |     2 |       ||     2
  Evoke: Wand              |       |       |     4 |     2 ||     6
    Use: Scroll            |       |     6 |     8 |       ||    14
         Potion            |       |     5 |     3 |       ||     8
   Stab: Sleeping          |     1 |       |       |       ||     1
 Armour: Animal skin       |    33 |       |       |       ||    33
         Chain mail        |    25 |   105 |   304 |     5 ||   439
         Ice dragon scales |       |       |       |    36 ||    36
  Dodge: Dodged            |    49 |    48 |   145 |    14 ||   256
